 Dungeon Sprint DCSS version 0.24-a0-205-g1d96822 (webtiles) character file.

Game seed: 15782137005248886282

119728 TheOrbIsALie the Hoplite (level 16, -1/211 HPs)
             Began as a Demonspawn Fighter on Mar 28, 2019.
             Was the Champion of Makhleb.
             Slain by Mennas
             ... wielding a +1 eudemon blade of holy wrath
              (9 damage)
             ... in the Dungeon (Sprint V: "Ziggurat Sprint").
             The game lasted 00:14:06 (1181 turns).

TheOrbIsALie the Hoplite (Demonspawn Fighter)       Turns: 1181, Time: 00:14:07

Health: -1/211     AC: 31    Str: 33    XL:     16   Next: 28%
Magic:  0/29       EV: 18    Int: 11    God:    Makhleb [******]
Gold:   0          SH: 38    Dex: 32    Spells: 15/15 levels left

rFire    + . .     SeeInvis .   G - +7 Sulking Sword {slice, sonic wave}
rCold    + . .     Gourm    .   F - +18 shield of the Gong {rElec rN+ MR+ EV-5}
rNeg     + + .     Faith    .   E - +15 Maxwell's patent armour {-Cast -Tele rElec MR+ rCorr}
rPois    .         Spirit   +   (helmet restricted)
rElec    +         Reflect  .   P - scarf {rC+ rF+}
rCorr    +         Harm     .   (no gloves)
MR       +++..     NoTele   +   (no boots) Stlth ..........NoCast +
                                Q - amulet "Qicroluck" {Spirit Fragile Str+4 Dex+7}
HPRegen  0.45/turn              L - ring "Ronoerch" {Str+4 Slay+2 Stlth-}
MPRegen  0.21/turn              J - ring "Vocrotul" {rN+ Str+2 Dex+3 Slay+5 Stlth-}

@: agile, berserking (expiring), hasted, silenced, very quick
A: antennae 1, repulsion field 1, nightstalker 3, powered by pain 1
a: Renounce Religion


You were in the Dungeon.
You worshipped Makhleb.
Makhleb was exalted by your worship.
You were not hungry.

You visited 1 branch

Inventory:

Hand Weapons
 G - the +7 Sulking Sword (weapon) {slice, sonic wave}
   (You found it in the Dungeon)

   It inflicts extra damage upon your enemies.
 V - the +7 sceptre of Torment {pain, torment}
   (You found it in the Dungeon)

   In the hands of one skilled in necromantic magic, it inflicts extra damage on
   living creatures.
Armour
 E - the +15 Maxwell's patent armour (worn) {-Cast -Tele rElec MR+ rCorr}
   (You found it in the Dungeon)

   It insulates you from electricity.
   It affects your resistance to hostile enchantments.
   It prevents spellcasting.
   It prevents most forms of teleportation.
   It provides partial protection from all sources of acid and corrosion.
 F - the +18 shield of the Gong (worn) {rElec rN+ MR+ EV-5}
   (You found it in the Dungeon)

   It affects your evasion (-5).
   It insulates you from electricity.
   It protects you from negative energy.
   It affects your resistance to hostile enchantments.
 H - +5 gold dragon scales
 P - a scarf of resistance (worn)
Jewellery
 b - a +4 ring of evasion
 c - the ring "Nureoch" {Wiz rF+ rN+ Dex-5 Stlth+}
   (You found it in the Dungeon)

   [ring of wizardry]

   It improves your spell success rate.
   It affects your dexterity (-5).
   It protects you from fire.
   It protects you from negative energy.
   It makes you more stealthy.
 y - a +6 ring of dexterity
 z - a +6 ring of dexterity
 A - a +6 ring of intelligence
 B - a +6 ring of intelligence
 C - a +6 ring of strength
 D - a +6 ring of strength
 I - the ring "Ecinaas" {rF+ rN+ MP+9 SInv Stlth+}
   (You found it in the Dungeon)

   [ring of see invisible]

   It protects you from fire.
   It protects you from negative energy.
   It affects your magic capacity (+9).
   It lets you see invisible.
   It makes you more stealthy.
 J - the ring "Vocrotul" (right hand) {rN+ Str+2 Dex+3 Slay+5 Stlth-}
   (You found it in the Dungeon)

   [ring of positive energy]

   It affects your strength (+2).
   It affects your dexterity (+3).
   It affects your accuracy and damage with ranged weapons and melee attacks
   (+5).
   It protects you from negative energy.
   It makes you less stealthy.
 L - the ring "Ronoerch" (left hand) {Str+4 Slay+2 Stlth-}
   (You found it in the Dungeon)

   [ring of attention]

   It affects your strength (+4).
   It affects your accuracy and damage with ranged weapons and melee attacks
   (+2).
   It makes you less stealthy.
 Q - the amulet "Qicroluck" (around neck) {Spirit Fragile Str+4 Dex+7}
   (You found it in the Dungeon)

   [amulet of guardian spirit]

   It causes incoming damage to be split between your health and magic.
   It affects your strength (+4).
   It affects your dexterity (+7).
   It will be destroyed if unequipped.
 R - the ring "Saotepnu" {rF+ rN+ Str+3 Dex+2}
   (You found it in the Dungeon)

   [ring of dexterity]

   It affects your strength (+3).
   It affects your dexterity (+2).
   It protects you from fire.
   It protects you from negative energy.
 S - the ring of Etzee {Wiz rElec rC+ Str+2}
   (You found it in the Dungeon)

   [ring of wizardry]

   It improves your spell success rate.
   It affects your strength (+2).
   It protects you from cold.
   It insulates you from electricity.
 T - the ring "Ucaesi" {Fire *Slow rN++ Dex+6}
   (You found it in the Dungeon)

   [ring of fire]

   It enhances your fire magic.
   It affects your dexterity (+6).
   It protects you from fire.
   It makes you vulnerable to cold.
   It greatly protects you from negative energy.
   It may slow you when you take damage.
 W - the ring of the Mage {Wiz MR++ Int+3}
   (You found it in the Dungeon)

   [ring of wizardry]

   It improves your spell success rate.
   It affects your intelligence (+3).
   It affects your resistance to hostile enchantments.
 Y - the ring "Zeockutt" {rF+ Str+2 Int+2}
   (You found it in the Dungeon)

   [ring of protection from fire]

   It affects your strength (+2).
   It affects your intelligence (+2).
   It protects you from fire.
Wands
 v - a wand of disintegration (7)
 w - a wand of iceblast (6)
 x - a wand of acid (7)
Scrolls
 k - 4 scrolls of blinking
 q - 4 scrolls of amnesia
 r - 7 scrolls of fog
 s - 5 scrolls of identify
 t - 5 scrolls of remove curse
 u - 2 scrolls of fear
 M - 8 scrolls of enchant armour
 U - a scroll of brand weapon
Potions
 d - 6 potions of might
 e - 9 potions of curing
 g - 10 potions of heal wounds
 h - 5 potions of haste
 i - 7 potions of magic
 j - 2 potions of berserk rage
 l - 2 potions of brilliance
 m - 2 potions of invisibility
 n - 4 potions of resistance
 p - 6 potions of agility
Miscellaneous
 a - 5 phantom mirrors
 K - a phial of floods
 N - a lamp of fire
 O - a lightning rod (4/4)
 X - 4 sacks of spiders
 Z - a fan of gales
Comestibles
 f - 6 rations


   Skills:
 + Level 17.5 Fighting
 + Level 19.0 Long Blades
 + Level 1.9 Maces & Flails
 + Level 0.4 Throwing
 + Level 13.8 Armour
 * Level 7.5 Dodging
 + Level 0.7 Stealth
 + Level 23.6 Shields
 + Level 0.6 Unarmed Combat
 + Level 0.4 Spellcasting
 + Level 18.9 Invocations
 * Level 1.4 Evocations


You had 15 spell levels left.
You didn't know any spells.
Your spell library was empty.

Dungeon Overview and Level Annotations

Branches:
Dungeon (1/1)

Altars:
Ashenzari
Cheibriados
Dithmenos
Elyvilon
Fedhas
Gozag
Hepliaklqana
Kikubaaqudgha
Makhleb
Nemelex Xobeh
Okawaru
Qazlal
Ru
Sif Muna
Trog
Uskayaw
Vehumet
Wu Jian
Xom
Yredelemnul
Zin
The Shining One
Beogh
Jiyva
Lugonu

Annotations:
D Asmodeus, Chuck, Dispater, Frances, Gloorx Vloq, Mennas, Mnoleg, Nergalle, Polyphemus, Saint Roka, Serpent of Hell


Innate Abilities, Weirdness & Mutations

You have a pair of small antennae on your head.
You are surrounded by a mild repulsion field. (EV +2)
You are completely attuned to the shadows.
You sometimes gain a little power by taking damage.


Message History

The Executioner hits you but does no damage.
You block the Executioner's attack.
The Executioner hits you but does no damage.
The Executioner barely misses you. Polyphemus misses you.
You riposte.
You slice Polyphemus!!
The Sulking Sword looks exasperated.
Polyphemus is severely wounded.
Polyphemus hits you!
* * * LOW HITPOINT WARNING * * *
Chuck the Collector comes into view.
Mnoleg is engulfed in blazing flames.
You block Mnoleg's attack. Mnoleg tentacle-slaps you.
* * * LOW HITPOINT WARNING * * *
Mnoleg completely misses you. Mnoleg barely misses you.
Mennas hits you with a +1 eudemon blade of holy wrath.
* * * LOW HITPOINT WARNING * * *
You convulse.
* * * LOW HITPOINT WARNING * * *
Mennas hits you with a +1 eudemon blade of holy wrath!
You die...

▓▓▓▓▓▓▓▓
▓......8
▓...[)}.
▓..}.?}[
...○..C..
▓......=
°.○1@°...
▓.....).
.○X&&&...
▓......†
..°D&oX..
▓...|.))
..DA@Co..
▓.....).
...1.1...
▓.....†.
........)
▓.....[†
.........
.▓...
▓.......▓
▓▓..
.........
▓...
.........
....
....©....
....
▓▓▓▓▓▓▓▓▓
▓▓▓▓▓▓▓▓


You could see Asmodeus, Dispater, Gloorx Vloq, Mnoleg, the Serpent of Hell,
Saint Roka (berserk), Polyphemus (berserk), Mennas, Frances (inner flame), a
tentacled monstrosity, an iron dragon, Chuck (berserk), 3 Executioners, Nergalle
(berserk) and a large abomination.

Vanquished Creatures
  A deep elf master archer (D)
  2 acid blobs (D)
  6 azure jellies (D)
  3 nagarajas (D)
  A deep elf sorcerer (D)
  An emperor scorpion (D)
  A ghoul (D)
  An entropy weaver (D)
  A deep elf annihilator (D)
  2 merfolk impalers (D)
  2 merfolk javelineers (D)
  8 death oozes (D)
  5 great orbs of eyes (D)
  6 naga warriors (D)
  A merfolk avatar (D)
  A merfolk aquamancer (D)
  2 dancing weapons (D)
  7 anacondas (D)
  An orc high priest (D)
  4 soul eaters (D)
  2 sea snakes (D)
  A glowing orange brain (D)
  A deep elf archer (D)
  2 orb spiders (D)
  3 deep elf magi (D)
  3 wolf spiders (D)
  A shining eye (D)
  Maurice (D)
  10 guardian serpents (D)
  9 toenail golems (D)
  3 naga magi (D)
  13 black mambas (D)
  6 eyes of devastation (D)
  A spiny frog (D)
  2 torpor snails (D)
  A rime drake (D)
  2 komodo dragons (D)
  2 demonic crawlers (D)
  4 jumping spiders (D)
  2 merfolk (D)
  4 hornets (D)
  16 slime creatures (D)
  A hippogriff (D)
  Sigmund (D)
  3 air elementals (D)
  4 water elementals (D)
  2 redbacks (D)
  A yak (D)
  A basilisk (D)
  3 tarantellas (D)
  2 golden eyes (D)
  Grum (D)
  3 nagas (D)
  A hell hound (D)
  9 water moccasins (D)
  A floating eye (D)
  4 porcupines (D)
  An eye of draining (D)
  2 crocodiles (D)
  Blork the orc (D)
  3 bullfrogs (D)
  6 earth elementals (D)
  4 scorpions (D)
  Dowan (D)
  2 crimson imps (D)
  A quasit (D)
  5 jellies (D)
  Crazy Yiuf (D)
  An iguana (D)
  An iron imp (D)
  Jessica (D)
  3 adders (D)
  A river rat (D)
  A white imp (D)
  7 oozes (D)
  An adder skeleton (D)
  3 spectral bats (D)
  A ball python (D)
  A bat skeleton (D)
  A jackal (D)
  A ball python zombie (D)
  A leopard gecko skeleton (D)
233 creatures vanquished.

Vanquished Creatures (others)
  Harold (D)
  Pikel (D)
  Psyche (D)
  Grinder (D)
  Menkaure (D)
  Edmund (D)
  5 insubstantial wisps (D)
  A water moccasin (D)
  Purgy (D)
13 creatures vanquished.

Grand Total: 246 creatures vanquished

Notes
Turn   | Place    | Note
-------+----------+-------------------------------------------
     0 | D        | Found the +6 Majin-Bo {vamp, Archmagi MP+6 Int+6}
     0 | D        | Found the +7 great mace "Firestarter" {inner flame, rF++}
     0 | D        | TheOrbIsALie the Demonspawn Fighter began the quest for the
                  | Orb.
     0 | D        | Reached XP level 1. HP: 18/18 MP: 1/1
     0 | D        | Found a deep blue altar of Sif Muna.
     0 | D        | Found a sacrificial altar of Ru.
     0 | D        | Found a bloodstained altar of Trog.
     0 | D        | Found a stormy altar of Qazlal.
     0 | D        | Found an iron altar of Okawaru.
     0 | D        | Found a sparkling altar of Nemelex Xobeh.
     0 | D        | Found a blossoming altar of Fedhas.
     2 | D        | Found a transporter.
     2 | D        | Found an ancient bone altar of Kikubaaqudgha.
     2 | D        | Found a viscous altar of Jiyva.
     2 | D        | Found a corrupted altar of Lugonu.
     2 | D        | Found a hazy altar of Hepliaklqana.
     2 | D        | Found a burning altar of Makhleb.
     2 | D        | Found an opulent altar of Gozag.
     4 | D        | Killed Grinder
    14 | D        | Killed Edmund
    18 | D        | Found the +9 heavy crossbow "Sniper" {velocity, Acc+∞ SInv}
    18 | D        | Found the +10 dark maul {crush}
    18 | D        | Found the +15 Maxwell's patent armour {-Cast -Tele rElec
                  | MR+ rCorr}
    18 | D        | Found the +18 shield of the Gong {rElec rN+ MR+ EV-5}
    18 | D        | Found the cursed +14 obsidian axe {chop, +Fly SInv *Curse}
    20 | D        | Found the +6 shillelagh "Devastator" {shatter}
    20 | D        | Found the +11 plutonium sword {*Contam Stlth-}
    20 | D        | Found the +8 lance "Wyrmbane" {slay drac, rPois rF+ rC+
                  | AC+3}
    20 | D        | Found the +9 sword of Zonguldrok {reap}
    20 | D        | Found the cursed +13 scythe of Curses {drain, *Curse}
    20 | D        | Found the +0 sword of Power
    20 | D        | Found the +7 mace of Variability {chain chaos}
    20 | D        | Found the +7 Singing Sword {slice, sonic wave}
    20 | D        | Found the +7 longbow "Piercer" {penet, EV-2}
    38 | D        | Became a worshipper of Makhleb the Destroyer
    54 | D        | Killed Menkaure
    70 | D        | Entered arena 2.
    70 | D        | Noticed an iguana
    70 | D        | Found a transporter.
    76 | D        | Killed an iguana
    76 | D        | Reached skill level 3 in Shields
    76 | D        | Gained mutation: You are slightly more attuned to the
                  | shadows. [demonic ancestry]
    76 | D        | Reached XP level 2. HP: 25/25 MP: 2/2
    79 | D        | Reached skill level 4 in Shields
    79 | D        | Reached XP level 3. HP: 31/31 MP: 3/3
    85 | D        | Entered arena 3.
    85 | D        | Noticed a water moccasin
    85 | D        | Noticed a naga
    85 | D        | Found a transporter.
    88 | D        | Reached * piety under Makhleb
    88 | D        | Killed a water moccasin
    88 | D        | Reached skill level 5 in Armour
    88 | D        | Reached skill level 5 in Shields
    88 | D        | Gained mutation: You sometimes gain a little power by
                  | taking damage. [demonic ancestry]
    88 | D        | Reached XP level 4. HP: 40/40 MP: 4/4
    88 | D        | Gained mutation: You are surrounded by a mild repulsion
                  | field. (EV +2) [demonic ancestry]
    88 | D        | Reached XP level 5. HP: 46/46 MP: 5/5
    89 | D        | Killed a naga
    89 | D        | Reached skill level 5 in Long Blades
    89 | D        | Reached skill level 6 in Shields
    95 | D        | Entered arena 4.
    95 | D        | Noticed a hell hound
    95 | D        | Found a transporter.
   100 | D        | Reached ** piety under Makhleb
   104 | D        | Reached XP level 6. HP: 46/55 MP: 6/6
   104 | D        | Killed a hell hound
   104 | D        | Reached skill level 7 in Shields
   105 | D        | Reached *** piety under Makhleb
   116 | D        | Entered arena 5.
   116 | D        | Found a transporter.
   119 | D        | Reached skill level 8 in Shields
   127 | D        | Reached **** piety under Makhleb
   135 | D        | Entered arena 6.
   135 | D        | Noticed Sigmund
   135 | D        | Noticed Jessica
   135 | D        | Noticed Blork the orc
   135 | D        | Noticed Crazy Yiuf
   135 | D        | Noticed Dowan
   135 | D        | Found a transporter.
   141 | D        | Killed Sigmund
   141 | D        | Gained mutation: You are significantly more attuned to the
                  | shadows. [demonic ancestry]
   141 | D        | Reached XP level 7. HP: 63/63 MP: 7/7
   141 | D        | Killed Jessica
   141 | D        | Reached skill level 9 in Shields
   141 | D        | Killed Dowan
   141 | D        | Killed Crazy Yiuf
   148 | D        | Killed Blork the orc
   148 | D        | Reached ***** piety under Makhleb
   159 | D        | Entered arena 7.
   160 | D        | Noticed a toenail golem
   160 | D        | Noticed a toenail golem
   160 | D        | Noticed a toenail golem
   161 | D        | Noticed a toenail golem
   166 | D        | Killed a toenail golem
   166 | D        | Reached skill level 1 in Dodging
   166 | D        | Reached skill level 10 in Shields
   166 | D        | Reached XP level 8. HP: 71/71 MP: 8/8
   166 | D        | Killed a toenail golem
   169 | D        | Killed a toenail golem
   169 | D        | Reached skill level 11 in Shields
   170 | D        | Killed a toenail golem
   170 | D        | Reached skill level 10 in Long Blades
   170 | D        | Gained mutation: You have a pair of small antennae on your
                  | head. [demonic ancestry]
   170 | D        | Reached XP level 9. HP: 78/78 MP: 9/9
   173 | D        | Found a transporter.
   182 | D        | Entered arena 8.
   183 | D        | Noticed a jumping spider
   184 | D        | Noticed a wolf spider
   186 | D        | Killed a jumping spider
   186 | D        | Reached skill level 10 in Fighting
   186 | D        | Reached skill level 12 in Shields
   187 | D        | Reached ****** piety under Makhleb
   188 | D        | Killed a wolf spider
   189 | D        | Found a transporter.
   194 | D        | Got the ring "Nureoch" {Wiz rF+ rN+ Dex-5 Stlth+}
   196 | D        | Entered arena 9.
   196 | D        | Noticed a black mamba
   196 | D        | Noticed a komodo dragon
   198 | D        | Found the +0 Maxwell's etheric cage {RegenMP+ *Contam rElec
                  | MP+4}
   200 | D        | Killed a komodo dragon
   201 | D        | Killed a black mamba
   203 | D        | Found the +8 autumn katana {slice, Clar}
   204 | D        | Reached skill level 13 in Shields
   204 | D        | Reached XP level 10. HP: 86/86 MP: 10/10
   205 | D        | Found a transporter.
   242 | D        | Killed Harold
   282 | D        | Entered arena 10.
   286 | D        | Found a transporter.
   294 | D        | Got the ring "Ecinaas" {rF+ rN+ MP+9 SInv Stlth+}
   357 | D        | Entered arena 11.
   358 | D        | Noticed a toenail golem
   359 | D        | Noticed a toenail golem
   359 | D        | Noticed a toenail golem
   359 | D        | Noticed a toenail golem
   359 | D        | Noticed a toenail golem
   366 | D        | Killed a toenail golem
   366 | D        | Killed a toenail golem
   368 | D        | Killed a toenail golem
   368 | D        | Killed a toenail golem
   368 | D        | Reached skill level 14 in Shields
   369 | D        | Killed a toenail golem
   371 | D        | Found a transporter.
   375 | D        | Got the ring "Vocrotul" {rN+ Str+2 Dex+3 Slay+5 Stlth-}
   389 | D        | Entered arena 12.
   391 | D        | Noticed a soul eater
   391 | D        | Noticed a ghoul
   391 | D        | Noticed a soul eater
   391 | D        | Noticed a soul eater
   395 | D        | Noticed a soul eater
   398 | D        | Killed a soul eater
   399 | D        | Killed a soul eater
   401 | D        | Killed a soul eater
   401 | D        | Gained mutation: You are completely attuned to the shadows.
                  | [demonic ancestry]
   401 | D        | Reached XP level 11. HP: 93/93 MP: 11/11
   401 | D        | Killed a ghoul
   401 | D        | Reached skill level 15 in Shields
   403 | D        | Killed a soul eater
   408 | D        | Found a transporter.
   414 | D        | Got the cursed ring of the Present {Str+4 Slay-3}
   428 | D        | Entered arena 13.
   431 | D        | Noticed a deep elf archer
   431 | D        | Noticed an orc high priest
   431 | D        | Noticed a deep elf sorcerer
   431 | D        | Noticed a +3 long sword of electrocution
   431 | D        | Noticed a deep elf mage
   431 | D        | Noticed a +0 flail of holy wrath
   431 | D        | Noticed a deep elf master archer
   431 | D        | Noticed a deep elf annihilator
   434 | D        | Killed a +3 long sword of electrocution
   436 | D        | Killed a deep elf mage
   437 | D        | Identified the cursed +1 robe "Kiofih" {rC+++ rN+ Int-2
                  | Dex+2}
   437 | D        | Noticed a deep elf mage
   440 | D        | Killed a +0 flail of holy wrath
   440 | D        | Reached skill level 15 in Long Blades
   441 | D        | Killed an orc high priest
   441 | D        | Identified the amulet "Nisoqe" {RegenMP Str+6}
   441 | D        | Noticed a deep elf mage
   442 | D        | Reached skill level 5 in Invocations
   445 | D        | Killed a deep elf annihilator
   447 | D        | Killed a deep elf archer
   450 | D        | Killed a deep elf master archer
   450 | D        | Reached skill level 10 in Armour
   450 | D        | Reached skill level 16 in Shields
   450 | D        | Killed a deep elf sorcerer
   450 | D        | Reached XP level 12. HP: 103/103 MP: 12/18
   457 | D        | Found a transporter.
   484 | D        | Entered arena 14.
   507 | D        | Reached skill level 17 in Shields
   510 | D        | Found a transporter.
   516 | D        | Got the ring of Hinny {rC+ rN+ MP+9 Slay-2}
   518 | D        | Killed Purgy
   519 | D        | Entered arena 15.
   523 | D        | Noticed a death ooze
   523 | D        | Noticed an azure jelly
   523 | D        | Noticed an acid blob
   524 | D        | Noticed a great orb of eyes
   524 | D        | Noticed a death ooze
   527 | D        | Killed a death ooze
   527 | D        | Reached skill level 10 in Invocations
   533 | D        | Killed a death ooze
   535 | D        | Killed an azure jelly
   537 | D        | Killed an acid blob
   540 | D        | Killed a great orb of eyes
   542 | D        | Reached skill level 18 in Shields
   548 | D        | Found a transporter.
   556 | D        | Got the ring "Ronoerch" {Str+4 Slay+2 Stlth-}
   570 | D        | Entered arena 16.
   574 | D        | Noticed a merfolk impaler
   574 | D        | Noticed a merfolk impaler
   574 | D        | Noticed a merfolk javelineer
   574 | D        | Noticed a merfolk aquamancer
   575 | D        | Noticed a merfolk avatar
   575 | D        | Identified the +7 mace "Legela" {crush, rElec rPois rF+}
   575 | D        | Identified the +3 halberd of Giotoaz {speed, rElec}
   575 | D        | Noticed a merfolk javelineer
   580 | D        | Killed a merfolk aquamancer
   583 | D        | Killed a merfolk javelineer
   583 | D        | Reached XP level 13. HP: 112/112 MP: 20/22
   587 | D        | Killed a merfolk impaler
   589 | D        | Killed a merfolk javelineer
   594 | D        | Found a transporter.
   609 | D        | Killed a merfolk impaler
   620 | D        | Got the amulet "Hacaj" {Inacc rF- rN+++ Dex-3 SInv}
   630 | D        | Entered arena 17.
   636 | D        | Noticed an azure jelly
   637 | D        | Noticed an azure jelly
   637 | D        | Noticed a death ooze
   637 | D        | Noticed a death ooze
   637 | D        | Noticed an azure jelly
   644 | D        | Killed an azure jelly
   644 | D        | Reached skill level 19 in Shields
   645 | D        | Killed a death ooze
   649 | D        | Killed an azure jelly
   650 | D        | Killed a death ooze
   650 | D        | Killed an azure jelly
   662 | D        | Found a transporter.
   675 | D        | Entered arena 18.
   681 | D        | Noticed a death ooze
   681 | D        | Noticed a death ooze
   681 | D        | Noticed an acid blob
   681 | D        | Noticed a death ooze
   684 | D        | Killed Pikel
   689 | D        | Killed a death ooze
   689 | D        | Reached skill level 20 in Shields
   689 | D        | Reached skill level 15 in Invocations
   690 | D        | Killed a death ooze
   694 | D        | Killed an acid blob
   696 | D        | Reached skill level 15 in Fighting
   697 | D        | Killed a death ooze
   699 | D        | Noticed an azure jelly
   708 | D        | Killed an azure jelly
   708 | D        | Reached XP level 14. HP: 111/123 MP: 24/26
   718 | D        | Found the +10 large shield of Ignorance {rN+ Int-4}
   718 | D        | Found a transporter.
   722 | D        | Got the amulet "Qicroluck" {Spirit Fragile Str+4 Dex+7}
   727 | D        | Got the ring of Undoing {rPois Str+2}
   732 | D        | Entered arena 19.
   754 | D        | Reached skill level 21 in Shields
   754 | D        | Noticed an azure jelly
   765 | D        | Killed an azure jelly
   768 | D        | Found a transporter.
   773 | D        | Got the ring "Saotepnu" {rF+ rN+ Str+3 Dex+2}
   776 | D        | Got the ring of Fuddutt {*Contam rElec MR+ Str+4}
   789 | D        | Got the ring of Etzee {Wiz rElec rC+ Str+2}
   796 | D        | Entered arena 20.
   804 | D        | Noticed an entropy weaver
   804 | D        | Noticed an emperor scorpion
   805 | D        | Found the ring of the Mage {Wiz MR++ Int+3}
   808 | D        | Paralysed by a hornet for 3 turns
   813 | D        | Killed an entropy weaver
   813 | D        | Reached skill level 22 in Shields
   822 | D        | Killed an emperor scorpion
   824 | D        | Found the +7 sceptre of Torment {pain, torment}
   825 | D        | Found a transporter.
   829 | D        | Got the ring "Ucaesi" {Fire *Slow rN++ Dex+6}
   873 | D        | Killed Psyche
   934 | D        | Entered arena 21.
   945 | D        | Noticed a nagaraja
   948 | D        | Identified the +5 spear of Royalism {freeze, Fragile Str+5}
   954 | D        | Reached skill level 1 in Maces & Flails
   956 | D        | Killed a nagaraja
   976 | D        | Found a transporter.
   982 | D        | Got the ring "Zeockutt" {rF+ Str+2 Int+2}
  1087 | D        | Entered arena 22.
  1102 | D        | Noticed a nagaraja
  1105 | D        | Noticed a nagaraja
  1106 | D        | Reached XP level 15. HP: 134/134 MP: 12/28
  1106 | D        | Reached skill level 23 in Shields
  1106 | D        | Reached skill level 5 in Dodging
  1120 | D        | Killed a nagaraja
  1124 | D        | Killed a nagaraja
  1128 | D        | Found a transporter.
  1142 | D        | Got the amulet "Nimat" {Acrobat *Corrode rN+ Dex+2}
  1154 | D        | Entered arena 23.
  1161 | D        | Identified the cursed +2 morningstar of the Unstoppable
                  | Wars {pain, +Blink rF+++ MR- Str+6}
  1161 | D        | Identified the amulet of Kymmauli {Acrobat +Inv}
  1161 | D        | Noticed Maurice
  1161 | D        | Noticed Gloorx Vloq
  1162 | D        | Reached skill level 1 in Evocations
  1162 | D        | Reached XP level 16. HP: 141/141 MP: 23/29
  1162 | D        | Noticed Mnoleg
  1163 | D        | Noticed Mennas
  1165 | D        | Noticed the Serpent of Hell
  1166 | D        | Noticed Grum
  1167 | D        | Killed Maurice
  1169 | D        | Noticed Saint Roka
  1169 | D        | Noticed Polyphemus
  1169 | D        | Noticed a tentacled monstrosity
  1170 | D        | Killed Grum
  1171 | D        | Noticed Frances
  1171 | D        | Identified the +7 sceptre of Asmodeus
  1171 | D        | Noticed Asmodeus
  1171 | D        | Identified the +4 staff of Dispater
  1171 | D        | Noticed Dispater
  1172 | D        | Identified the cursed +0 halberd of Flawed Execution {pain,
                  | +Fly Dex+4 Stlth-}
  1172 | D        | Noticed Nergalle
  1173 | D        | Noticed an Executioner
  1173 | D        | Noticed an Executioner
  1173 | D        | Noticed an Executioner
  1173 | D        | Noticed an Executioner
  1181 | D        | Noticed Chuck
  1181 | D        | HP: 8/211 [Mennas/+1 eudemon blade of holy wrath (5)]
  1181 | D        | Slain by Mennas

Levels and vault maps discovered:
D:        sprint_v [room_start, room_1, room_2, room_3, room_4, room_5, room_6,
          room_7, room_8, room_9, room_10, room_11, room_12, room_13, room_14,
          room_15, room_16, room_17, room_18, room_19, room_20, room_21,
          room_22, room_23, room_24, room_25, room_26, room_27]

Skill      XL: |  1  2  3  4  5  6  7  8  9 10 11 12 13 14 15 |
---------------+----------------------------------------------+-----
Fighting       | 4 6 7 8 9 10 11 12 13 15 17 | 17.5
Long Blades    | 2 4 5 6 8 10 12 14 16 17 18 19 | 19.0
Armour         | 4 5 6 7 8 9 10 11 13 | 13.8
Shields        | 3 4 5 6 8 10 11 13 14 16 18 20 22 23 | 23.6
Dodging        | 1 2 4 7 |  7.5
Invocations    | 8 12 16 18 | 18.9
Maces & Flails | 1 |  1.9
Evocations     | 1 |  1.4
Throwing       | |  0.4
Stealth        | |  0.7
Unarmed Combat | |  0.6
Spellcasting   | |  0.4

Action                   |  1- 3 |  4- 6 |  7- 9 | 10-12 | 13-15 | 16-18 || total
-------------------------+-------+-------+-------+-------+-------+-------++-------
Melee: Double sword      |     9 |    23 |    23 |    77 |   133 |    17 ||   282
       Eveningstar       |       |       |       |       |     3 |       ||     3
Invok: Major Destruction |       |       |       |       |     1 |       ||     1
Evoke: Wand              |       |       |       |       |     1 |       ||     1
  Use: Potion            |       |       |       |       |     6 |     2 ||     8
  Eat: Ration            |       |       |       |       |     1 |       ||     1
Armor: Plate armour      |     5 |    18 |     5 |    31 |   115 |    26 ||   200
Dodge: Dodged            |       |     3 |       |    20 |    60 |    26 ||   109
Block: Shield            |    12 |    50 |    19 |   125 |   312 |    48 ||   566
       Rpst.: Double sword |       |       |       |     6 |     9 |     2 ||    17

Table legend:
 A = Non-vault XP
 B = Vault XP
 C = Vault XP percentage of total XP
 D = Non-vault monster count
 E = Vault monster count
 F = Vault count percentage of total count
                 A         B        C        D         E       F
            +---------+---------+-------+---------+---------+-------
      Total |     783 |  116559 |  99.3 |       3 |     231 |  98.7
            +---------+---------+-------+---------+---------+-------
          D |     783 |  116559 |  99.3 |       3 |     231 |  98.7
            +---------+---------+-------+---------+---------+-------
